Map: Pylon LE

Players

Etherodox - Winner!

  • Race: Terran Terran
  • League: Master
  • Spawn Location: 5:00

Storcz

  • Race: Terran Terran
  • Spawn Location: 11:00

VOD

Have the link to the VOD?

Description

Time

  • Played on: Sept. 5, 2025, 1:41 p.m.
  • Length: 23:37
Show
View Real Time Build Order
Export as new Build Order

Etherodox Terran - Winner!

Build Orders: Reaper Expand 

Get SALT Encoding   

  12  0:05  SCV  
  13  0:17  SCV  
  14  0:22  Supply Depot  
  14  0:30  SCV  
  15  0:49  Barracks  
  15  0:50  SCV  
  15  0:53  Refinery  
  16  1:02  SCV  
  17  1:14  SCV  
  18  1:26  SCV  
  19  1:37  Reaper  
  20  1:43  Orbital Command  
  20  1:48  Command Center  
  20  2:08  SCV  
  20  2:09  Supply Depot  
  20  2:12  Marine  
  22  2:17  Factory  
  22  2:21  SCV  
  23  2:33  SCV  
  23  2:34  Barracks Tech Lab  
  24  2:45  SCV  
  24  2:48  Refinery  
  25  2:51  Barracks  
  25  2:57  SCV  
  26  3:04  Barracks Reactor  
  26  3:05  Orbital Command  
  26  3:09  SCV  
  27  3:21  SCV  
  26  3:32  SCV  
  26  3:33  SCV  
  25  3:38  Marine, Hellion  
  25  3:44  SCV  
  25  3:45  SCV  
  25  3:56  Marine, SCV  
  25  3:57  SCV  
  26  4:08  SCV  
  26  4:09  SCV  
  28  4:19  Marine x2  
  28  4:20  SCV  
  28  4:22  SCV  
  32  4:26  Engineering Bay  
  32  4:32  SCV  
  32  4:33  Barracks Tech Lab  
  32  4:37  Widow Mine  
  35  4:39  Marine x2  
  37  4:47  Starport  
  37  4:48  SCV x2  
  37  4:52  Supply Depot  
  39  4:55  Supply Depot  
  39  4:57  Terran Infantry Weapons Level 1  
  39  4:58  Marine  
  40  5:00  SCV x2  
  40  5:06  Marine  
  43  5:08  Widow Mine  
  43  5:12  SCV  
  43  5:13  SCV  
  47  5:21  Marine  
  47  5:24  Marine, SCV  
  47  5:25  Starport Reactor  
  47  5:26  Stimpack  
  51  5:28  SCV  
  51  5:35  Supply Depot  
  47  5:36  SCV  
  47  5:40  SCV  
  47  5:48  SCV  
  47  5:52  SCV  
  48  5:57  Supply Depot  
  48  6:00  SCV  
  49  6:04  SCV  
  50  6:12  SCV  
  50  6:13  Marine x2  
  50  6:15  Siege Tank  
  50  6:16  SCV  
  57  6:24  Medivac, SCV  
  60  6:29  SCV  
  60  6:32  Marine x2  
  59  6:37  SCV  
  59  6:41  SCV  
  47  7:02  Marine x2  
  49  7:14  Refinery  
  49  7:20  Missile Turret, Marine x2  
  51  7:25  Missile Turret, SCV  
  51  7:27  SCV, Refinery  
  51  7:28  Marine  
  51  7:29  Command Center  
  54  7:37  SCV  
  54  7:38  Marine  
  54  7:40  SCV  
  57  7:47  Hi-Sec Auto Tracking  
  57  7:49  Widow Mine, SCV  
  60  7:52  SCV  
  61  8:01  Medivac, SCV  
  61  8:04  SCV  
  61  8:05  Widow Mine  
  67  8:11  Marine  
  68  8:13  SCV  
  68  8:15  Supply Depot  
  68  8:16  SCV  
  68  8:18  Supply Depot  
  70  8:20  Supply Depot  
  70  8:21  Widow Mine  
  70  8:26  Widow Mine, SCV  
  70  8:27  Marine x2  
  75  8:28  SCV  
  78  8:36  Marine, Medivac  
  78  8:37  Supply Depot  
  78  8:38  SCV  
  78  8:40  SCV  
  83  8:43  Orbital Command  
  83  8:44  Supply Depot  
  83  8:47  Neosteel Armor  
  83  8:50  SCV  
  83  8:52  SCV  
  85  9:05  Orbital Command  
  85  9:06  Marine x3, Supply Depot, SCV  
  85  9:09  SCV  
  90  9:13  Combat Shield  
  90  9:16  Widow Mine  
  92  9:17  Widow Mine  
  92  9:18  SCV  
  92  9:21  SCV  
  92  9:24  Marine x3  
  96  9:30  SCV  
  100  9:33  SCV  
  100  9:38  Widow Mine  
  97  9:42  Marine, SCV  
  88  9:55  Marine x2  
  88  9:59  Marine  
  83  10:13  Marine  
  83  10:20  Marine x2  
  85  10:22  Supply Depot  
  85  10:27  SCV x2  
  85  10:29  SCV  
  85  10:31  Marine  
  87  10:38  Marine, Refinery  
  87  10:39  SCV x2  
  87  10:41  SCV  
  91  10:50  Marine x2  
  91  10:51  SCV x2  
  91  10:53  SCV  
  91  10:55  Marine  
  97  10:59  Missile Turret  
  97  11:02  Refinery  
  97  11:03  SCV x2, Refinery  
  99  11:06  SCV  
  99  11:08  Marine x2  
  99  11:09  Barracks x3  
  99  11:11  Terran Infantry Armor Level 1, Barracks, Armory  
  102  11:12  Engineering Bay  
  102  11:13  Marine, Widow Mine x2  
  102  11:14  Medivac  
  102  11:15  SCV  
  110  11:26  Marine x2  
  110  11:28  Missile Turret  
  110  11:38  Marine  
  110  11:44  Marine x2  
  109  11:55  Widow Mine x2, Starport Reactor  
  109  11:56  Marine, SCV x3  
  117  12:01  Marine  
  117  12:02  Marine  
  117  12:03  Barracks Reactor x2  
  117  12:04  Barracks Reactor x2  
  117  12:08  SCV x3  
  120  12:12  Starport  
  122  12:16  Widow Mine x2  
  122  12:19  Marine x3  
  122  12:20  SCV x3  
  132  12:24  Missile Turret  
  132  12:27  Command Center  
  132  12:32  Supply Depot, SCV  
  132  12:33  Supply Depot  
  132  12:34  Medivac x2, Supply Depot  
  132  12:35  Command Center  
  132  12:37  Marine x3  
  137  12:54  Marine  
  134  13:04  Medivac x2  
  119  13:14  Marine x10, Marauder  
  125  13:29  SCV  
  125  13:30  SCV x2  
  125  13:32  Marine x10  
  131  13:35  Marine  
  131  13:41  SCV  
  131  13:42  SCV x2  
  134  13:49  Marine  
  134  13:50  Marine x5  
  134  13:54  SCV x3  
  143  14:08  Refinery  
  143  14:10  Planetary Fortress  
  143  14:13  Missile Turret  
  143  14:22  Marine  
  144  14:30  Refinery x2  
  105  14:56  Marine  
  105  14:57  Marine x10  
  102  15:14  Marine x8  
  102  15:15  Marine x3, Viking x2  
  115  15:32  Marine x5  
  98  15:44  Marine x6  
  103  15:50  Marine x2  
  103  15:57  Marine x3  
  103  16:01  Marine  
  103  16:02  Marine x4  
  111  16:07  Marine  
  111  16:08  Marine  
  113  16:12  Planetary Fortress  
  113  16:13  Factory  
  113  16:15  Marine, Factory x2  
  101  16:39  Marine x6  
  101  16:40  Marine x5  
  101  16:45  SCV x2  
  113  16:49  SCV  
  113  16:53  Viking x2  
  118  16:57  Marine x10, SCV x2  
  118  16:58  Marine  
  132  17:01  SCV  
  132  17:09  SCV  
  132  17:10  SCV  
  132  17:15  Marine x3  
  133  17:33  Marine x3  
  133  17:34  Marine x8  
  140  17:45  Thor  
  140  17:51  Marine x4  
  146  17:52  Marine x7  
  128  18:09  Marine x10  
  128  18:10  Marine  
  128  18:11  Medivac  
  128  18:12  Medivac  
  122  18:26  Marine  
  122  18:27  Marine x10, Thor, Factory Tech Lab x3  
  139  18:41  Command Center, Terran Infantry Weapons Level 2  
  139  18:44  Marine  
  139  18:45  Marine x8, Terran Infantry Armor Level 2  
  148  18:56  Barracks Reactor  
  148  19:01  Viking x3  
  154  19:06  Terran Ship Weapons Level 1  
  154  19:16  Marine x2  
  154  19:17  Marine x8  
  164  19:31  Viking  
  164  19:33  Marine  
  164  19:38  Marine x5  
  168  19:40  Siege Tank  
  168  19:44  Siege Tank  
  168  19:45  Siege Tank x2  
  152  20:01  Marine  
  152  20:12  Siege Tank  
  155  20:15  Marine x11  
  155  20:16  Thor  
  155  20:19  Marine  
  173  20:33  Thor, Marine  
  173  20:35  Marine x3  
  180  20:36  Marine x5  
  180  20:39  Command Center  
  168  21:19  Viking x2  
  168  21:30  Thor  
  168  21:31  Hellbat x2  
  178  21:33  Marine  
  178  21:34  Marine x7  
  182  21:48  Siege Tank  
  182  21:49  Marine x4, Viking x2  
  182  21:51  Marine x2  
  195  22:02  Planetary Fortress  
  195  22:03  Missile Turret  
  195  22:05  Refinery x2  
  193  22:10  Refinery  
  193  22:13  Refinery  
  191  22:34  Orbital Command  
  191  22:41  SCV  
  191  22:42  SCV  
  191  22:43  SCV, Unknown  
  194  22:53  SCV  
  194  22:54  SCV  
  194  22:55  SCV  
Show
View Real Time Build Order
Export as new Build Order

Storcz Terran 

Build Orders:  

Get SALT Encoding   

  12  0:05  SCV  
  13  0:17  SCV  
  13  0:20  Supply Depot  
  14  0:29  SCV  
  15  0:42  SCV  
  16  0:43  Barracks  
  16  0:54  SCV  
  17  1:06  SCV  
  17  1:07  Refinery  
  18  1:12  Refinery  
  18  1:18  SCV  
  19  1:30  SCV  
  19  1:31  Supply Depot  
  20  1:43  SCV  
  20  1:45  Reaper  
  22  1:55  SCV  
  23  2:05  Factory  
  23  2:07  SCV  
  24  2:17  Reaper  
  24  2:19  SCV  
  26  2:26  Command Center  
  26  2:31  SCV  
  27  2:43  Orbital Command  
  27  2:49  Starport  
  27  2:57  Factory Tech Lab  
  27  3:16  Reaper  
  27  3:17  Hellion  
  28  4:06  Liberator  
  31  4:12  Fusion Core  
  31  4:21  SCV  
  32  4:33  SCV  
  33  4:45  SCV  
  34  4:57  Orbital Command  
  34  4:58  SCV  
  34  4:59  Factory Tech Lab  
  35  5:07  Supply Depot  
  35  5:09  Battlecruiser, Bunker  
  35  5:10  SCV  
  42  5:22  SCV  
  42  5:26  SCV  
  44  5:34  SCV  
  45  5:38  SCV  
  46  5:46  SCV  
  47  5:59  Siege Tank  
  47  6:01  SCV  
  47  6:02  SCV  
  52  6:04  Refinery  
  52  6:07  Advanced Ballistics  
  52  6:12  Starport  
  52  6:13  SCV  
  52  6:14  SCV  
  52  6:17  Supply Depot  
  52  6:18  Supply Depot  
  54  6:25  SCV  
  55  6:26  SCV  
  56  6:37  SCV  
  56  6:38  SCV  
  58  6:50  SCV  
  58  6:51  Battlecruiser  
  62  7:11  Starport Reactor  
  62  7:19  Barracks Reactor  
  62  7:23  Barracks  
  62  7:24  SCV  
  62  7:26  Barracks  
  62  7:27  Barracks  
  62  7:28  Refinery  
  63  7:36  SCV  
  64  7:41  Siege Tank  
  67  8:14  Barracks Tech Lab  
  67  8:15  Barracks Reactor  
  67  8:16  Barracks Reactor  
  67  8:25  SCV  
  68  8:46  Marauder  
  68  8:47  Stimpack  
  70  8:48  Marine x2  
  70  8:51  Marine  
  70  8:52  Marine  
  70  8:53  Marine x2  
  76  8:57  Engineering Bay  
  76  8:58  Weapon Refit  
  76  9:02  Engineering Bay  
  76  9:06  Marine x2  
  76  9:07  Marine, Liberator x2  
  76  9:09  Marine  
  86  9:12  Supply Depot  
  86  9:23  Command Center  
  86  9:26  Command Center  
  86  9:33  Marine x2, SCV  
  86  9:34  Supply Depot  
  89  9:57  Supply Depot  
  89  10:20  Supply Depot  
  89  10:34  Marine x3  
  89  10:35  Marine  
  93  10:36  Medivac  
  93  10:37  Medivac x2  
  93  10:41  Marine x3  
  102  10:43  Supply Depot  
  102  10:45  Orbital Command  
  102  10:46  Refinery  
  102  10:49  SCV  
  104  10:50  SCV  
  104  10:52  Marine x4  
  108  10:59  Marine x3  
  108  11:01  SCV  
  108  11:02  SCV  
  108  11:03  Refinery  
  113  11:06  Medivac  
  113  11:07  Medivac x2  
  113  11:08  Refinery  
  113  11:10  Marine x4  
  123  11:14  SCV x2  
  123  11:16  Marine  
  123  11:17  Marine x2, Supply Depot  
  128  11:26  SCV  
  128  11:27  Marine  
  128  11:28  Marine x2  
  129  11:34  Marine  
  129  11:35  Marine  
  129  11:36  Medivac x2  
  129  11:37  Medivac  
  137  11:40  Supply Depot  
  137  11:46  Marine x2  
  139  11:52  Marine x4  
  139  11:53  Marine  
  144  12:03  Marine  
  144  12:04  Marine, Supply Depot  
  146  12:10  Marine x4  
  146  12:13  Marine  
  151  12:21  Marine x2  
  159  12:23  Battlecruiser  
  159  12:24  Liberator  
  159  12:27  Supply Depot  
  159  12:28  Marine x4  
  166  12:31  Marine  
  167  12:39  Marine x2  
  169  12:45  Marine x2  
  169  12:46  Marine x2  
  169  12:48  Marine  
  172  12:57  Marine x2  
  139  13:03  Marine x3  
  139  13:04  Marine  
  104  13:06  Marine  
  102  13:40  Marine  
  102  13:41  Marine x6  
  101  13:43  Medivac x2  
  101  13:44  Medivac  
  101  13:47  SCV  
  113  13:49  SCV  
  114  13:56  Command Center  
  114  13:58  Marine  
  114  13:59  SCV, Siege Tank  
  114  14:01  SCV  
  120  14:10  Marine x2  
  120  14:11  Marine x4, SCV  
  120  14:13  SCV  
  120  14:16  Marine  
  130  14:25  SCV  
  130  14:28  Marine x3  
  130  14:29  Marine  
  130  14:30  Planetary Fortress  
  130  14:31  Siege Tank  
  137  14:36  Refinery  
  137  14:37  SCV  
  104  15:12  Liberator x2  
  104  15:13  Marine x2  
  104  15:14  Marine x5  
  116  15:17  SCV  
  116  15:18  SCV  
  119  15:28  Command Center  
  119  15:29  SCV  
  119  15:31  Marine x7, SCV  
  127  15:41  SCV  
  127  15:43  SCV  
  127  15:49  Marine  
  129  15:53  SCV  
  129  15:55  SCV  
  131  15:59  Marine  
  131  16:00  Marine x5  
  138  16:04  SCV  
  138  16:05  SCV  
  138  16:06  Marine  
  138  16:07  SCV  
  141  16:16  SCV  
  141  16:17  Marine, SCV  
  141  16:18  Marine x2  
  146  16:19  SCV  
  138  16:28  SCV  
  138  16:29  SCV  
  138  16:31  SCV  
  111  16:40  SCV  
  111  16:41  SCV  
  113  16:49  Supply Depot  
  113  16:52  SCV  
  113  16:53  SCV  
  115  16:56  Siege Tank  
  115  16:58  Marine x6  
  115  16:59  Marine, Combat Shield  
  125  17:05  Terran Infantry Armor Level 1, Terran Infantry Weapons Level 1  
  125  17:06  SCV  
  126  17:11  Supply Depot, Armory  
  126  17:13  Armory  
  124  17:15  Marine  
  124  17:16  Marine x2  
  124  17:18  SCV  
  111  17:38  Battlecruiser  
  111  17:39  Marine x7  
  111  17:40  Siege Tank  
  127  17:56  Marine  
  127  17:57  Marine x3  
  102  18:26  SCV  
  103  18:29  Marine x7  
  103  18:33  Factory  
  110  18:35  Factory  
  110  18:38  SCV  
  111  18:47  Marine x6  
  117  18:50  SCV  
  118  18:58  Battlecruiser, Viking x2  
  118  19:00  Factory Tech Lab  
  118  19:01  Marine  
  118  19:02  SCV  
  130  19:03  Terran Vehicle And Ship Armor Level 1, Command Center, Terran Vehicle Weapons Level 1  
  130  19:04  Marine  
  130  19:05  Marine x4, Terran Infantry Armor Level 2, Terran Infantry Weapons Level 2  
  135  19:12  Supply Depot  
  135  19:14  Supply Depot  
  129  19:38  Factory Reactor  
  129  19:40  Factory Reactor  
  92  20:04  Marine x6  
  92  20:05  Marine  
  92  20:18  Hellion x5  
  92  20:19  Infernal Pre-Igniter  
  102  20:21  Marine  
  102  20:22  Marine x5  
  108  20:39  Hellion x4  
  108  20:40  Command Center, Hellion  
  87  21:19  Orbital Command  
  83  21:52  Refinery  
  83  21:53  Refinery  
  83  22:28  Siege Tank  
  86  22:31  Hellion  
  86  22:32  Hellion x2  
  86  22:33  Hellion  
  94  22:53  Hellion x2  
  94  22:54  Hellion x2  
  102  23:00  Siege Tank  
Tags
 
League
Master
Matchup
TvT
Race
Terran
Spawn Locations
Cross Positions
Add a new tag
Caveats
  • Supply blocks, unpowered buildings, or Contaminate may cause inaccurate times.
  • Supply counts are checked every 10 seconds.